AoeStats
← flajj

Nomad

509520432Analyzed
4v4 RM · 4d ago on Sep 27, 2026· 81m 24s· 8 players
Game mode
Random Map
Map size
231×231
Population
200
Speed
Normal
Resources
Standard
Victory
Conquest
Starting age
Dark Age
Ending age
Imperial Age
RankedLock teamsTeams togetherTeam positionsShared explorationLock speedFull tech treeHidden civsTurbo modeCheats
Victory
Defeat
🇬🇧 Teutons · United Kingdom
1158
+14
🇷🇺 Varangians · Russia
1089
+17
🇺🇸 Danes · United States
1057
+18
🇨🇳 Dravidians · China
1048
+19
🇦🇺 Armenians · Australia
1217
-21
🇺🇸 Saxons · United States
1195
-20
🇦🇷 Spanish · Argentina
1153
-19
🇺🇾 Mongols · Uruguay
884
-8
flajj
5:12 Loom
15:23 Feudal Age
17:19 Man-at-Arms
19:20 Scale Mail Armor
19:13 Fletching
19:59 Double-Bit Axe
20:51 Forging
27:40 Castle Age
28:48 Long Swordsman
31:43 Squires
34:16 Medium Warships
40:54 Wheelbarrow
43:21 Gold Mining
43:14 Horse Collar
46:19 Hand Cart
48:16 Ballistics
47:52 Murder Holes
48:08 Masonry
51:35 Imperial Age
49:45 Elite Skirmisher
53:45 Chemistry
54:02 Town Watch
55:12 Padded Archer Armor
55:33 Heavy Plow
56:11 Leather Archer Armor
56:53 Conscription
59:14 Heavy Warships
59:05 Heated Shot
59:23 Siege Engineers
61:53 Hand Cart
66:39 Careening
67:33 Town Patrol
68:10 Bodkin Arrow
70:23 Dry Dock
70:47 Bow Saw
70:48 Bracer
74:12 Gold Shaft Mining
73:37 Heated Shot
76:18 Elite Varangian Guard
77:38 Chain Mail Armor
77:59 Iron Casting
Gas
5:07 Loom
13:22 Feudal Age
14:04 Double-Bit Axe
14:49 Fishing Lines
18:44 Castle Age
18:37 Arson
19:38 Gillnets
20:15 Town Watch
21:06 Wheelbarrow
20:55 Bow Saw
21:27 Wheelbarrow
21:04 Stone Mining
21:56 Squires
22:21 Horse Collar
23:14 Scale Mail Armor
23:51 Forging
24:13 Gambesons
26:45 Chain Mail Armor
27:06 Iron Casting
27:59 Hand Cart
27:57 Scale Barding Armor
29:01 Heavy Plow
33:10 Imperial Age
33:26 Chain Barding Armor
32:57 Fletching
33:08 Padded Archer Armor
33:49 Town Patrol
35:00 Conscription
35:18 Crop Rotation
36:14 Plate Mail Armor
35:42 Bodkin Arrow
38:25 Blast Furnace
38:02 Leather Archer Armor
38:08 Elite Varangian Guard
41:28 Two-Man Saw
39:58 Crossbowman
41:12 Elite Skirmisher
47:11 Chemistry
46:08 Murder Holes
45:54 Treadmill Crane
46:20 Siege Engineers
46:26 Masonry
49:44 Ballistics
49:18 Capped Ram
51:42 Architecture
51:50 Gold Mining
52:35 Stone Shaft Mining
56:32 Bloodlines
56:23 Husbandry
55:44 Light Cavalry
56:28 Vendel Legacy
57:47 Hussar
60:13 Cavalier
62:06 Plate Barding Armor
63:56 Gothikon
68:55 Elite Jarl
77:48 Cranequins
77:49 Heavy Mounted Crossbowman
Scott678
14:17 Loom
16:34 Feudal Age
21:26 Castle Age
19:54 Double-Bit Axe
20:12 Horse Collar
22:05 Crossbowman
23:05 Bow Saw
23:48 Fletching
26:06 Wheelbarrow
31:25 Padded Archer Armor
31:36 Bodkin Arrow
41:20 Wheelbarrow
40:27 Elite Skirmisher
42:29 Leather Archer Armor
43:31 Ironclad
62:18 Heavy Plow
70:10 Hand Cart
70:35 Town Watch
72:09 Ballistics
74:06 Medium Warships
74:44 Stone Mining
74:50 Gold Mining
78:38 Imperial Age
79:44 Conscription
80:34 Pikeman
81:15 Squires
82:41 Chemistry
81:47 Siege Engineers
wujiang
5:47 Loom
16:15 Feudal Age
16:50 Double-Bit Axe
18:39 Fletching
21:17 Gold Mining
23:51 Castle Age
23:57 Castle Age
24:40 Wheelbarrow
23:50 Horse Collar
25:17 Bow Saw
Little Monster
5:56 Loom
13:55 Feudal Age
14:51 Double-Bit Axe
16:46 Fishing Lines
21:39 Castle Age
20:36 Fletching
22:19 Bodkin Arrow
23:53 Medium Warships
25:49 Town Watch
26:39 Wheelbarrow
29:59 Careening
32:35 Ballistics
33:13 Murder Holes
37:47 Scale Mail Armor
43:41 Wheelbarrow
50:53 Imperial Age
51:27 Elite Longship
52:38 Bracer
53:24 Hand Cart
53:21 Bow Saw
54:55 Forging
55:00 Chain Mail Armor
59:35 Gillnets
63:11 Iron Casting
62:51 Chain Mail Armor
69:01 Two-Man Saw
theonlygriffin
5:41 Loom
14:16 Feudal Age
14:20 Man-at-Arms
17:53 Arson
18:01 Long Swordsman
22:34 Fletching
24:22 Stone Mining
24:21 Double-Bit Axe
29:12 Castle Age
38:41 Bow Saw
40:13 Medium Warships
40:32 Gold Mining
41:47 Fishing Lines
44:27 Gold Shaft Mining
43:50 Gillnets
45:00 Gambesons
45:28 Town Watch
46:19 Wheelbarrow
51:16 Bodkin Arrow
51:22 Padded Archer Armor
56:14 Imperial Age
54:01 Hand Cart
53:47 Town Patrol
54:03 Leather Archer Armor
55:16 Cilician Fleet
57:27 Conscription
60:41 Coinage
61:00 Ballistics
61:45 Bracer
61:41 Elite Composite Bowman
63:51 Murder Holes
63:41 Sappers
65:52 Heavy Warships
70:52 Hoardings
73:19 Ring Archer Armor
@croda14
11:50 Loom
15:41 Feudal Age
17:42 Double-Bit Axe
19:24 Town Watch
22:02 Castle Age
23:07 Bow Saw
23:45 Wheelbarrow
24:14 Bloodlines
29:55 Fletching
32:06 Bodkin Arrow
32:18 Gold Mining
34:11 Padded Archer Armor
35:05 Ballistics
34:42 Murder Holes
38:03 Gold Shaft Mining
42:22 Imperial Age
40:10 Hand Cart
40:21 Scale Barding Armor
40:28 Forging
42:10 Chain Barding Armor
43:01 Husbandry
45:28 Chemistry
45:56 Iron Casting
45:27 Bracer
47:25 Conscription
49:10 Elite Mangudai
52:07 Drill
59:08 Heavy Scorpion
59:10 Capped Ram
60:01 Man-at-Arms
60:44 Squires
68:52 Siege Ram
Sharito♿
4:29 Loom
16:27 Feudal Age
20:19 Castle Age
19:27 Fletching
20:04 Stone Mining
21:17 Town Watch
21:44 Gold Mining
23:23 Wheelbarrow
32:10 Horse Collar
32:51 Double-Bit Axe
40:24 Bodkin Arrow
45:44 Imperial Age
48:25 Conscription
48:13 Bracer
51:45 Forging
51:40 Scale Barding Armor
51:56 Light Cavalry
52:47 Bloodlines
59:03 Chain Barding Armor
60:28 Iron Casting
Connection lost

Rejoining the realm…

Still unreachable

The connection could not be restored.

Session expired

The server has moved on; the page needs a fresh start.